 Dungeon Crawl Stone Soup version 0.31-a0-219-g8d62b2e7bb (webtiles) character file.

Game seed: 6590695481138755877

5369 erloom the Transmogrifier (level 10, -1/93 HPs)
             Began as a Pale Draconian Transmuter on July 3, 2023.
             Was a Believer of Makhleb.
             Slain by a spriggan hatter
             ... wielding a +0 dagger
              (10 damage)
             ... on level 8 of the Dungeon.
             The game lasted 00:15:47 (8315 turns).

erloom the Transmogrifier (DrTm)                    Turns: 8315, Time: 00:15:47

Health: -1/93      AC:  8    Str: 14    XL:     10   Next: 39%
Magic:  14/18      EV: 10    Int: 15    God:    Makhleb [**....]
Gold:   427        SH:  5    Dex: 13    Spells: 10/20 levels left

rFire   x .          .
                       - Unarmed
rCold   + + +        (shield currently unavailable)
rNeg    + . .        (body armour unavailable)
rPois   +            F - melded +0 hat
rElec   .            (cloak currently unavailable)
rCorr   .            (gloves currently unavailable)
SInv    .            (boots currently unavailable)
Will    .....        p - amulet of reflection
Stlth   +            y - ring of positive energy
HPRegen 0.35/turn    (no ring)
MPRegen 0.16/turn

%: reflection
@: ice-form, wereblooded
A: freezing attack, amphibious, boosted hp, (breathe steam), AC +7, large,
unfitting armour, (cold-blooded), (steam resistance)
a: End Transformation, Renounce Religion, Minor Destruction


You were on level 8 of the Dungeon.
You worshipped Makhleb.
Makhleb was pleased with you.
You were a creature of crystalline ice.
You visited 2 branches of the dungeon, and saw 9 of its levels.

You collected 427 gold pieces.

Inventory:

Missiles
 s - a throwing net
Armour
 F - a +0 hat (melded)
Jewellery
 p - an amulet of reflection (around neck)
 y - a ring of positive energy (left front paw)
Wands
 q - a wand of quicksilver (8)
 u - a wand of polymorph (9)
 A - a wand of mindburst (18)
 D - a wand of iceblast (2)
Scrolls
 b - a scroll of acquirement {unknown}
 c - a scroll of vulnerability {unknown}
 e - 2 scrolls of immolation
 i - a scroll of teleportation {unknown}
 j - 3 scrolls of identify {unknown}
 l - 2 scrolls of enchant weapon {unknown}
 m - a scroll of amnesia {unknown}
 o - 2 scrolls of enchant armour {unknown}
 v - a scroll of noise {unknown}
 x - 2 scrolls of poison {unknown}
 B - a scroll of blinking {unknown}
 E - a scroll of revelation {unknown}
Potions
 a - 2 potions of lignification
 d - 4 potions of enlightenment {unknown}
 f - 2 potions of attraction {unknown}
 g - 3 potions of degeneration {unknown}
 h - 3 potions of mutation {unknown}
 k - a potion of heal wounds {unknown}
 n - a potion of brilliance {unknown}
 r - a potion of ambrosia {unknown}
 w - a potion of might {unknown}
 z - a potion of invisibility {unknown}
 C - 2 potions of curing


   Skills:
 - Level 4.0 Fighting
 - Level 2.0 Dodging
 - Level 7.0 Unarmed Combat
 + Level 5.8 Spellcasting
 + Level 9.5 Transmutations
 + Level 5.9 Ice Magic
 - Level 3.0 Poison Magic
 - Level 4.0 Invocations
 - Level 2.0 Evocations


You had 10 spell levels left.
You knew the following spells:

 Your Spells              Type           Power      Damage    Failure   Level
a - Beastly Appendage     Tmut           64%        N/A       1%          1
b - Wereblood             Tmut           32%        N/A       1%          2
c - Spider Form           Tmut/Pois      23%        N/A       3%          3
d - Ice Form              Ice/Tmut       27%        N/A       6%          4

Your spell library contained the following spells:

 Spells                   Type           Power      Damage    Failure   Level
 Freeze                   Ice            88%        1d9       1%          1
 Sting                    Tmut/Pois      92%        1d7       1%          1
 Frozen Ramparts          Ice            44%        1d7       4%          3
 Ignite Poison            Fire/Tmut/Pois 16%        N/A       9%          3
 Poisonous Vapours        Pois/Air       16%        N/A       12%         2
 Hailstorm                Conj/Ice       13%        3d5       13%         3
 Scorch                   Fire           8%         2d5       22%         2
 Olgreb's Toxic Radiance  Pois           13%        N/A       41%         4
 Summon Ice Beast         Ice/Summ       13%        N/A       41%         4
 Flame Wave               Conj/Fire      4%         2d5       83%         4
 Sticky Flame             Conj/Fire      4%         2d3       83%         4
 Summon Cactus Giant      Summ           2%         N/A       100%        6
 Ignition                 Fire           2%         3d3       100%        8


Dungeon Overview and Level Annotations

Branches:
Dungeon (8/15)             Temple (1/1) D:5            Lair (0/5) D:8

Altars:
Ashenzari
Cheibriados
Dithmenos
Elyvilon
Fedhas
Gozag
Hepliaklqana
Kikubaaqudgha
Makhleb
Okawaru
Qazlal
Ru
Trog
Uskayaw
Wu Jian
Xom
Yredelemnul
Zin
The Shining One

Shops:
D:5 (

Annotations:
D:8 Maurice


Innate Abilities, Weirdness & Mutations

You are a creature of crystalline ice.
You have a powerful freezing melee attack.
You are amphibious.
Your maximum health is increased.
Your armour is entirely melded.
You are incapable of wielding weapons or throwing items.
((You can breathe blasts of scalding, opaque steam.))
((Your pale cyan-grey scales are hard. (AC +7)))
You cannot fit into any form of body armour.
((You are cold-blooded and may be slowed by cold attacks.))
((You are immune to the effects of steam.))


Message History

Maggie is almost dead.
Maggie hits you with a +0 halberd.
* * * LOW HITPOINT WARNING * * *
You block the orc's attack.
You barely miss Maggie.
Maggie is almost dead.
Maggie gestures wildly while chanting.
Maggie draws you further into her thrall.
The orc barely misses you.
The orc hits you from afar with a +0 trident.
* * * LOW HITPOINT WARNING * * *
The orc priest looks satisfied for a moment.
The orc priest barely misses you.
You punch Maggie! You freeze Maggie.
You break out of your daze!
You feel a bit better.
You kill Maggie!
Makhleb accepts your kill.
The spriggan hatter hits you with a +0 dagger!
* * * LOW HITPOINT WARNING * * *
The orc barely misses you. The orc closely misses you.
The orc priest hits you with a +0 club.
* * * LOW HITPOINT WARNING * * *
Unknown command.
Unknown command.
Unknown command.
As you read the scroll labelled XIHA WAUWENN, it crumbles to dust.
It is a scroll of brand weapon.
You aren't carrying any weapons that can be branded.
The spriggan hatter hits you but does no damage.
You block the orc's attack.
The orc hits you from afar with a +0 trident.
* * * LOW HITPOINT WARNING * * *
Unknown command.
The spriggan hatter attacks as you move away!
The spriggan hatter misses you. The orc closely misses you.
Unknown command.
You feel better.
The spriggan hatter hits you with a +0 dagger!
You die...

#.# #.........#
#..##.........#
..#..........#
#..#........#
#..#........#
#.##......# ##
##.......oo###
.#####.......ooio.##
.รท......########Y..#
##............######
##.##...........
#.....#######...
#.....## .......#
......## ......# ###
....#####.#


You could see a spriggan hatter, 2 orc priests and 3 orcs.

Vanquished Creatures
  Maggie (D:8)
  A hornet (D:8)
  A basilisk (D:8)
  10 yaks (D:8)
  A wyvern (D:8)
  5 water moccasins
  An orc warrior (D:6)
  Pargi (D:3)
  2 black bears
  An ice beast (D:6)
  3 centaurs
  A lemure (D:8)
  A bullfrog (D:7)
  5 scorpions
  8 wights
  4 killer bees (D:4)
  3 howler monkeys
  4 orc priests
  5 hounds
  4 iguanas
  2 sleepcaps
  6 orc wizards
  Natasha (twice) (D:3 D:2)
  Robin (D:3)
  3 gnolls (D:4)
  3 adders
  A shadow imp (D:6)
  A white imp (D:5)
  2 worms (D:2)
  2 dart slugs
  34 orcs
  6 endoplasms
  A giant cockroach (D:2)
  16 goblins
  11 hobgoblins
  3 jackals
  4 kobolds
  4 quokkas
  10 ball pythons
  9 bats
  7 frilled lizards
  5 rats
195 creatures vanquished.

Notes
Turn   | Place    | Note
-------+----------+-------------------------------------------
     0 | D:1      | erloom the Draconian Transmuter began the quest for the
                  | Orb.
     0 | D:1      | Reached XP level 1. HP: 16/16 MP: 3/3
   289 | D:1      | Reached XP level 2. HP: 20/23 MP: 5/5
   398 | D:1      | Found a faded altar of an unknown god.
   810 | D:2      | Found a basalt altar of Yredelemnul.
   964 | D:2      | Reached XP level 3. HP: 26/28 MP: 6/6
  1604 | D:3      | Noticed Natasha
  1622 | D:3      | Killed Natasha
  1623 | D:3      | Reached skill level 5 in Unarmed Combat
  1623 | D:3      | Reached XP level 4. HP: 26/35 MP: 5/7
  1628 | D:3      | Learned a level 2 spell: Wereblood
  1632 | D:3      | Learned a level 3 spell: Spider Form
  1743 | D:3      | Noticed Natasha
  1819 | D:2      | Killed Natasha
  1820 | D:2      | Reached skill level 1 in Poison Magic
  1929 | D:3      | Reached XP level 5. HP: 25/40 MP: 6/8
  2143 | D:3      | Noticed Robin
  2147 | D:3      | Noticed Pargi
  2323 | D:3      | Reached skill level 3 in Transmutations
  2607 | D:3      | Killed Pargi
  2608 | D:3      | Reached XP level 6. HP: 18/47 MP: 7/10
  2612 | D:3      | Killed Robin
  3135 | D:4      | Reached skill level 4 in Transmutations
  3221 | D:4      | Your scales start taking on a pale cyan-grey colour.
  3221 | D:4      | Reached XP level 7. HP: 41/52 MP: 6/13
  3221 | D:4      | Gained mutation: You are immune to the effects of steam.
                  | [Pale Draconian growth]
  3231 | D:4      | Reached skill level 5 in Transmutations
  3679 | D:5      | Entered Level 5 of the Dungeon
  3933 | D:5      | Found a staircase to the Ecumenical Temple.
  3939 | D:5      | Reached skill level 6 in Transmutations
  3944 | Temple   | Entered the Ecumenical Temple
  3955 | Temple   | Became a worshipper of Makhleb the Destroyer
  4291 | D:5      | Reached XP level 8. HP: 60/61 MP: 14/14
  4636 | D:5      | Found Suateroz's Antique Weapon Shoppe.
  4812 | D:5      | Reached skill level 7 in Transmutations
  5129 | D:5      | Noticed a rust devil
  5129 | D:5      | Noticed a rust devil
  5129 | D:5      | Found the +6 shillelagh "Devastator" {shatter}
  5333 | D:6      | Reached skill level 1 in Invocations
  5333 | D:6      | Reached skill level 1 in Evocations
  5753 | D:6      | Reached * piety under Makhleb
  5775 | D:6      | Learned a level 4 spell: Ice Form
  5824 | D:6      | Reached XP level 9. HP: 61/67 MP: 12/15
  6062 | D:6      | Reached skill level 1 in Ice Magic
  7291 | D:7      | Found a white marble altar of Elyvilon.
  7297 | D:7      | Found a shadowy altar of Dithmenos.
  7300 | D:7      | Found a shimmering altar of Xom.
  7300 | D:7      | Found a stormy altar of Qazlal.
  7307 | D:7      | Found an iron altar of Okawaru.
  7448 | D:8      | Noticed Maurice
  7571 | D:8      | Reached skill level 5 in Spellcasting
  7574 | D:8      | Reached skill level 8 in Transmutations
  7586 | D:8      | Reached ** piety under Makhleb
  7587 | D:8      | Reached skill level 5 in Ice Magic
  7587 | D:8      | Reached XP level 10. HP: 46/78 MP: 11/17
  7597 | D:8      | Reached skill level 9 in Transmutations
  7808 | D:8      | Paralysed by a hornet for 1 turns
  7934 | D:8      | Found a staircase to the Lair.
  8298 | D:8      | Noticed Maggie
  8312 | D:8      | Killed Maggie
  8313 | D:8      | HP: 2/93 [orc/+0 trident (4)]
  8315 | D:8      | Slain by a spriggan hatter

Illustrated notes

Levels and vault maps discovered:
D:1:      dpeg_arrival_lava_altar, layout_loops_ring,
          shapermc_ecumenical_altar_hornbeckon, serial_bayou_pond_e
D:2:      layout_loops_cross, basic_altar, grunt_ministairs_1,
          minmay_misc_feat_x
D:3:      layout_basic, serial_bayou, serial_bayou_crossing,
          serial_bayou_pond_b, serial_bayou_pond_d, uniq_pargi, uniq_natasha,
          uniq_robin
D:4:      layout_basic, minmay_close_crescents
D:5:      cheibrodos_iron_armory, layout_basic,
          minmay_temple_entry_gardened_gates, serial_shops, shop
D:6:      layout_loops_ring, tgw_sif
D:7:      layout_basic, nicolae_overflow_hallway_of_the_gods
D:8:      layout_cave_pods, minmay_lair_entry_grove, the_hattery, uniq_pikel,
          uniq_maurice, uniq_maggie, uniq_amaemon
Temple:   nicolae_temple_ecumenical_triangle

Skill      XL: |  1  2  3  4  5  6  7  8  9 10 |
---------------+-------------------------------+-----
Unarmed Combat | 4 5 7 |  7.0
Poison Magic   | 1 2 3 |  3.0
Transmutations | 3 4 6 7 8 9 |  9.5
Spellcasting   | 3 4 5 |  5.8
Dodging        | 2 |  2.0
Fighting       | 2 4 |  4.0
Invocations    | 4 |  4.0
Evocations     | 2 |  2.0
Ice Magic      | 5 |  5.9

Action                     |  1- 3 |  4- 6 |  7- 9 | 10-12 || total
---------------------------+-------+-------+-------+-------++-------
  Melee: Unarmed           |   127 |   221 |   380 |    79 ||   807
         Tailslap          |    18 |    24 |    40 |       ||    82
         Punch             |     4 |    10 |     9 |       ||    23
         Headbutt          |     3 |    14 |    25 |       ||    42
         Kick              |     7 |    32 |    37 |       ||    76
   Cast: Beastly Appendage |     3 |    15 |    21 |       ||    39
         Wereblood         |       |     7 |     7 |     2 ||    16
         Spider Form       |       |     1 |    15 |     2 ||    18
         Ice Form          |       |       |       |     3 ||     3
Ability: Breathe Steam     |       |       |     1 |       ||     1
         End Transformatio |       |       |     1 |       ||     1
    Use: Scroll            |       |       |     1 |     1 ||     2
         Potion            |       |       |       |     1 ||     1
   Stab: Sleeping          |     2 |       |       |       ||     2
 Armour: Skin              |    33 |    96 |    62 |    10 ||   201
  Dodge: Dodged            |    83 |   190 |   232 |    41 ||   546
  Block: Other             |       |       |    59 |    13 ||    72
         Reflection        |       |       |     1 |       ||     1

Table legend: (Time is in decaauts)
 A = Elapsed time spent in this place.
 B = Non-inter-level travel time spent in this place.
 C = Inter-level travel time spent in this place.
 D = Time resting spent in this place.
 E = Time spent auto-exploring this place.
 F = Levels seen in this place.
 G = Mean time per level.
                   A        B        C        D        E       F      G
               +--------+--------+--------+--------+--------+-----+--------+
         Total |   8265 |   7947 |    318 |    775 |   5017 |   9 |  918.3 |
       Dungeon |   8244 |   7926 |    318 |    775 |   5017 |   8 | 1030.5 |
        Temple |     20 |     20 |      0 |      0 |      0 |   1 |   20.0 |
               +--------+--------+--------+--------+--------+-----+--------+

Top non-repeatable levels by time:
     D:6: 1354 daAuts
     D:5: 1337 daAuts
     D:7: 1067 daAuts
     D:3: 1064 daAuts
     D:2: 1046 daAuts
     D:8: 813 daAuts
     D:1: 785 daAuts
     D:4: 774 daAuts
  Temple: 20 daAuts
